 Dungeon Crawl Stone Soup version 0.20-a0-463-g5747544 (webtiles) character file.

145 Queen the Insei (level 5, -8/40 HPs)
             Began as a Draconian Transmuter on Jan 11, 2017.
             Mangled by Sigmund
             ... wielding a +0 scythe
              (11 damage)
             ... on level 3 of the Dungeon.
             The game lasted 00:09:36 (2194 turns).

Queen the Insei (Draconian Transmuter)              Turns: 2194, Time: 00:09:37

Health: -8/40      AC:  5    Str: 12    XL:     5   Next: 6%
Magic:  8/8        EV: 12    Int: 13    God:
Gold:   154        SH:  0    Dex: 13    Spells: 7/8 levels left

rFire  . . .     SeeInvis +       - Unarmed
rCold  . . .     Gourm    .     (armour unavailable)
rNeg   . . .     Faith    .     (no shield)
rPois  .         Spirit   .     (helmet restricted)
rElec  .         Reflect  .     (no cloak)
rCorr  .         Harm     .     (no gloves)
MR     .....                    (boots currently unavailable)
Stlth  +.........               (no amulet)
                                (no ring)
                                f - ring of see invisible

@: appendage (expiring)
A: unfitting armour, talons 3, cold-blooded, AC +5
a: End Transformation


You were on level 3 of the Dungeon.
You were not hungry.
You had grown temporary talons.
You visited 1 branch of the dungeon, and saw 3 of its levels.

You collected 154 gold pieces.

Inventory:

Missiles
 a - 46 arrows
Jewellery
 f - a ring of see invisible (left hand)
 p - an uncursed ring of fire {unknown}
Scrolls
 d - 6 scrolls of identify {unknown}
 e - a scroll of random uselessness {unknown}
 i - 2 scrolls of enchant weapon {unknown}
 j - 2 scrolls of remove curse {unknown}
 k - a scroll of enchant armour {unknown}
 n - 2 scrolls of teleportation {unknown}
Potions
 h - a potion of haste {unknown}
 l - 2 potions of curing {unknown}
Books
 b - a book of Changes

   Spells                             Type                      Level
   a - Beastly Appendage              Transmutation                1
   b - Sticks to Snakes               Transmutation                2
   c - Spider Form                    Transmutation/Poison         3
   d - Ice Form                       Ice/Transmutation            4
   e - Blade Hands                    Transmutation                5
Comestibles
 c - 5 bread rations
 g - 2 chunks of flesh
 m - 15 fruits
 o - a meat ration
 q - a slice of pizza


   Skills:
 - Level 1.1 Fighting
 - Level 2.1 Dodging
 + Level 5.3 Unarmed Combat
 - Level 2.4 Spellcasting
 - Level 2.1 Transmutations


You had 7 spell levels left.
You knew the following spells:

 Your Spells              Type           Power        Failure   Level  Hunger
a - Beastly Appendage     Tmut           #.....       12%         1    #......


Dungeon Overview and Level Annotations

Branches:
Dungeon (3/15)

Altars:
Cheibriados

Annotations:
D:3 Sigmund


Innate Abilities, Weirdness & Mutations

Your plain brown scales are hard. (AC +5)
You cannot fit into any form of body armour.
You are cold-blooded and may be slowed by cold attacks.
You have claws for feet.


Message History

You completely miss Sigmund. You claw Sigmund.
Your tail-slap misses Sigmund.
Sigmund is heavily wounded.
Sigmund gestures at you while chanting. The puff of flame hits you!
* * * LOW HITPOINT WARNING * * *
You closely miss Sigmund.
Sigmund is heavily wounded.
Your transformation is almost over.
Sigmund barely misses you.
You closely miss Sigmund.
Sigmund is heavily wounded.
You punch Sigmund! You tail-slap Sigmund.
Sigmund is severely wounded.
Sigmund barely misses you.
You closely miss Sigmund. Your kick misses Sigmund.
Sigmund is severely wounded.
You hit Sigmund.
Sigmund is almost dead.
Sigmund hits you with a scythe!
You die...

.# ####### .. #.....'
.# #....## ###.# #...##
... #..## #####.# #.##
..##.# #÷# # #.##@#
#.## #.##.##@# ##.#..##
#.......# #..#...##
####.#### #..#....##
##.####### #.)#....÷'
#........# #..#######
#.###.###.####...######
#.# ##.##.............#
#. #................. #
##.##.............#


You could see Sigmund.

Vanquished Creatures
  Jessica (D:2)
  2 adders (D:3)
  An ooze (D:1)
  3 dart slugs
  A leopard gecko (D:1)
  12 giant cockroaches
  3 goblins
  5 hobgoblins
  13 jackals
  A quokka (D:3)
  5 bats (D:3)
  4 frilled lizards
  44 rats
95 creatures vanquished.

Notes
Turn   | Place    | Note
-------+----------+-------------------------------------------
     0 | D:1      | Queen the Draconian Transmuter began the quest for the Orb.
     0 | D:1      | Reached XP level 1. HP: 16/16 MP: 3/3
   118 | D:1      | Found a snail-covered altar of Cheibriados.
   239 | D:1      | Reached XP level 2. HP: 19/23 MP: 5/5
   738 | D:2      | Noticed Jessica
   751 | D:2      | Killed Jessica
   751 | D:2      | Reached XP level 3. HP: 15/28 MP: 4/6
   791 | D:2      | Reached skill level 4 in Unarmed Combat
  1117 | D:2      | Reached XP level 4. HP: 31/35 MP: 7/7
  1844 | D:3      | Reached skill level 5 in Unarmed Combat
  2147 | D:3      | Reached XP level 5. HP: 35/40 MP: 6/8
  2171 | D:3      | Noticed Sigmund
  2189 | D:3      | HP: 2/40 [Sigmund/puff of flame (5)]
  2194 | D:3      | Mangled by Sigmund

Vault maps used:
D:1:      sevenhm_arrival_forest_fort_large_4, dk_noncrumbling_2,
          cheibriados_altar_1
D:2:      minmay_roachtagon, guppyfry_early_lair_pool, uniq_jessica
D:3:      minmay_rats_cheesy_pizza, uniq_sigmund

Skill      XL: |  1  2  3  4 |
---------------+-------------+-----
Dodging        | 2 |  2.1
Unarmed Combat | 4 5 |  5.3
Fighting       | |  1.1
Spellcasting   | |  2.4
Transmutations | |  2.1

Action                   |  1- 3 |  4- 6 || total
-------------------------+-------+-------++-------
Melee: Unarmed           |   110 |   190 ||   300
       Tailslap          |     8 |    13 ||    21
       Kick              |     2 |    13 ||    15
       Punch             |     2 |     1 ||     3
       Headbutt          |       |     4 ||     4
 Cast: Beastly Appendage |     2 |     9 ||    11
 Stab: Sleeping          |     2 |       ||     2
  Eat: Chunk             |     1 |     4 ||     5
Armor: Skin              |    24 |    56 ||    80
Dodge: Dodged            |    55 |   117 ||   172
